Workbook

Sheet Rutinas de mtto. preventivo
A1: ANEXO No. 2
A2: PRECIOS UNITARIOS DE REFERENCIA - RUTINAS DE MANTENIMIENTO PREVENTIVO
A3: PRECIOS ANTES DE I.V.A.
A4: ITEM | B4: Ubicación (Sedes DIAN) | C4: Descripción | D4: Cant. de Rutinas | E4: Precio de Referencia | F4: Precios Unitarios de Referencia (Antes de I.VA.)
A5: 1 | B5: ARAUCA. Carrera 20 Calle 31 Esquina | C5: 50 KVA, MARCA PERKINS | D5: 3 | E5: 456692.78 | F5: =D5*E5 -> 1370078.3
A6: 2 | B6: ARAUCA. Punto Fronterizo Puente José Antonio Paéz | C6: 7.5 KVA MARCA HONDA | D6: 3 | E6: 441352.42 | F6: =D6*E6 -> 1324057.3
A7: 3 | B7: ARMENIA. Carrera 14 N° 20a-22 Ed. BCH | C7: 150 KVA, MARCA CUMMINS | D7: 3 | E7: 429194.23 | F7: =D7*E7 -> 1287582.7
A8: 4 | B8: BARRANCABERMEJA. Calle 49 No. 9-09 Ed Luisa | C8: 1O0 KVA MARCA PERKINS, GENERADOR STAMFORD, | D8: 3 | E8: 430923.25 | F8: =D8*E8 -> 1292769.8
A9: 5 | B9: BARRANQUILLA, Av Hamburgo Cra. 30 | C9: 175 KVA, MARCA DETROIT DIESEL. | D9: 3 | E9: 369709.1 | F9: =D9*E9 -> 1109127.3
A10: 6 | B10: BARRANQUILLA. Av Hamburgo Cra. 30 | C10: 7.5 KVA MARCA HONDA | D10: 3 | E10: 256693.95 | F10: =D10*E10 -> 770081.85
A11: 7 | B11: BOGOTA, NIVEL CENTRAL. EDIFICIO SAN AGUSTIN, Carrera 8 No. 6-65 | C11: 376 KVA MARCA KOOLER, MOTOR DIESEL. | D11: 3 | E11: 310078.28 | F11: =D11*E11 -> 930234.83
A12: 8 | B12: BOGOTA-NIVEL CENTRAL. EDIFICIO SENDAS. Carrera 7 No 6C-54 | C12: 680 KVA MARCA PERKINS | D12: 3 | E12: 367181.05 | F12: =D12*E12 -> 1101543.1
A13: 9 | B13: BOGOTA. NIVEL CENTRAL.CENTRO NAL DE ADMON DOCUMENTAL -C. 64G No. 90A-12 | C13: 100 KVA MARCA PERKINS, GENERADOR STAMFORD, CONTROL ELECTRONICO Y CABINA INSONORIZADA, | D13: 3 | E13: 241686.85 | F13: =D13*E13 -> 725060.55
A14: 10 | B14: BOGOTA, SEDE POLFA AV. 68 No. 22-82 | C14: 141 KVA, MARCA DETROIT DIESEL. MODELO 10437305 Ser. | D14: 3 | E14: 261318.38 | F14: =D14*E14 -> 783955.12
A15: 11 | B15: BOGOTA. DIRECCION SECCIONAL DE GRANDES CONTRIBUYENTES, Carrera 7 No. 34-65 | C15: 140 KVA PERKINS | D15: 3 | E15: 261318.38 | F15: =D15*E15 -> 783955.12
A16: 12 | B16: BOGOTA. DIRECCION SECCIONAL DE IMPUESTOS, EDIFICIO PLAZA 75 - Calle 75 No. 15-49/51 | C16: MARCA DETROIT DIESEL, MODELO SERIES 71. CAP:250 KVA | D16: 3 | E16: 294518.6 | F16: =D16*E16 -> 883555.8
... A54: 50 | B54: YOPAL. CALLE 10 No. 18 - 11 Edificio. La Principal. | C54: KVA: 62.5, marca Lima Electric Co., Inc - Lima, Ohio, Modelo AD128709 SLM, Phase: 3- HZ: 60; Voltage: 220/127. F.L. AMPS: 164 | D54: 3 | E54: 437470.45 | F54: =D54*E54 -> 1312411.4
E56: SUBTOTAL | F56: =SUM(F5:F55) -> 73887305
E57: IVA | F57: =F56*0.16 -> 11821969
E58: TOTAL | F58: =F56+F57 -> 85709274
A60: Notas | B60: El proponente deberá tener en cuenta al momento de presentar su propuesta, que todas las actividades se realizarán bajo su exclusiva responsabilidad y que en la realización deberá suministrar todos los recursos de personal, materiales, insumos, transporte, equipos, supervisión, capacitación y demás implementos tendientes a lograr la adecuada, suficiente y eficiente ejecución.

Sheet ANEXO NO. 2 precios de ref
C2: ANEXO No. 2 PRECIOS DE REFERENCIA IMC- Objeto: Servicio de apoyo logístico, infraestructura, organización y desarrollo de actividades establecidas en el programa de bienestar 2025 de la UAE-DIAN para la Dirección Seccional de Impuestos y Aduanas de Buenaventura.
B3: ITEM | C3: DESCRIPCIÓN | D3: CANTIDAD | E3: UNIDAD DE MEDIDA | F3: COTIZACIÓN 1 SUTINOVA (2020) | G3: COTIZACIÓN 2 ERGO & HEALTH (2020) | H3: COTIZACIÓN 3 ARTECMA (2020) | I3: DESVIACIÓN ESTANDAR | J3: PROMEDIO | K3: COEFICIENTE DE VARIACIÓN (%) | L3: MEDIA ARMÓNICA PRECIOS UNITARIOS DE REFERENCIA | M3: VALOR TOTAL INCLUIDO IVA | N3: 2021 | O3: 2022 | P3: 2023 | R3: VALOR TOTAL IVA INCLUIDO 2025
B4: 1 | C4: =+'Estudio Mercado'!C3 -> Evento 1: Día de la Niñez. Alquiler de centro recreativo que incluya, salón de eventos, sillas y mesas para niños y acompañantes, y piscina para niños (Que cuente con salvavidas), esta piscina debe cumplir con las características, normas de seguridad y demás exigencias establecidas por la ley, el establecimiento debe contar con plan de emergencias que incluya servicios de primeros auxilios, que permita contar con la atención de urgencias y emergencias, ante cualquier eventualidad de salud y seguridad de los asistentes a las actividades. El lugar para el desarrollo de esta actividad deberá ser previamente visitado y aprobado por el supervisor. | D4: 1 | E4: UN | F4: 86000 | G4: 83300 | H4: 103400 | I4: =STDEVA(F4:H4) -> 10909.17 | J4: =AVERAGE(F4:H4) -> 90900 | K4: =+I4/J4 -> 0.12001288 | L4: =ROUNDUP((GEOMEAN(F4,G4)),0) -> 84640 | M4: =L4 -> 84640 | N4: =M4*5.62/100+M4 -> 89396.768 | O4: =N4*13.12/100+N4 -> 101125.62 | P4: =O4*9.28/100+O4 -> 110510.08 | Q4: =P4*4.1/100+P4 -> 115041 | R4: =+'Estudio Mercado'!L3 -> 45218
B5: 2 | C5: =+'Estudio Mercado'!C4 -> Evento 1: Día de la Niñez. Tarde recreativa que incluya decoración del lugar, decoración para punto fotos, con personajes infantiles, sonido (Dos monitores de 600rms de potencia, uno externo y uno para monitoreo, con amplificación interna, dos bajos dobles de 18 pulgadas con sistema activo con amplificación interna, 3 piañas con micrófono), servicio de 10 recreacionistas para que realicen actividades de recreación dirigida, globoflexia, 3 personajes animados temáticos, show de payasos, inflable, saltarín, gimnasio para niños, con ejercicios de estimulación y desarrollo de la motricidad gruesa, figuras en origami, pintura, manualidades, entre otras. | D5: 1 | E5: UN | F5: 66000 | G5: 83300 | H5: 72900 | I5: =STDEVA(F5:H5) -> 8708.8078 | J5: =AVERAGE(F5:H5) -> 74066.667 | K5: =+I5/J5 -> 0.11758066 | L5: =ROUNDUP((GEOMEAN(F5,G5)),0) -> 74148 | M5: =L5 -> 74148 | N5: =M5*5.62/100+M5 -> 78315.118 | O5: =N5*13.12/100+N5 -> 88590.061 | P5: =O5*9.28/100+O5 -> 96811.219 | Q5: =P5*4.1/100+P5 -> 100780.48 | R5: =+'Estudio Mercado'!L4 -> 43637
B6: 3 | C6: =+'Estudio Mercado'!C5 -> Evento 1: Día de la Niñez. Suministro complemento nutricional compuesto por: 1 ensalada de frutas de 12 onzas que incluya fruta picada, queso rallado, crema de leche y 50 gr de helado, 1 Hot Dog, 1 Jugo en empaque Tetrapak. Todo debidamente empacado utilizando normas de salubridad. | D6: 1 | E6: UN | F6: 66000 | G6: 83300 | H6: 72900 | I6: =STDEVA(F6:H6) -> 8708.8078 | J6: =AVERAGE(F6:H6) -> 74066.667 | K6: =+I6/J6 -> 0.11758066 | L6: =ROUNDUP((GEOMEAN(F6,G6)),0) -> 74148 | M6: =L6 -> 74148 | N6: =M6*5.62/100+M6 -> 78315.118 | O6: =N6*13.12/100+N6 -> 88590.061 | P6: =O6*9.28/100+O6 -> 96811.219 | Q6: =P6*4.1/100+P6 -> 100780.48 | R6: =+'Estudio Mercado'!L5 -> 25264
B7: 4 | C7: =+'Estudio Mercado'!C6 -> Evento 1: Día de la Niñez. Suministro de hidratación a través de un punto de hidratación con bebida saborizada durante todo el evento. | D7: 1 | E7: UN | F7: 66000 | G7: 83300 | H7: 72900 | I7: =STDEVA(F7:H7) -> 8708.8078 | J7: =AVERAGE(F7:H7) -> 74066.667 | K7: =+I7/J7 -> 0.11758066 | L7: =ROUNDUP((GEOMEAN(F7,G7)),0) -> 74148 | M7: =L7 -> 74148 | N7: =M7*5.62/100+M7 -> 78315.118 | O7: =N7*13.12/100+N7 -> 88590.061 | P7: =O7*9.28/100+O7 -> 96811.219 | Q7: =P7*4.1/100+P7 -> 100780.48 | R7: =+'Estudio Mercado'!L6 -> 4676
B8: 5 | C8: =+'Estudio Mercado'!C7 -> Evento 1: Día de la Niñez. Suministro de estación de algodonera y crispetera con su respetivo operario durante todo el evento. | D8: 1 | E8: UN | F8: 66000 | G8: 83300 | H8: 72900 | I8: =STDEVA(F8:H8) -> 8708.8078 | J8: =AVERAGE(F8:H8) -> 74066.667 | K8: =+I8/J8 -> 0.11758066 | L8: =ROUNDUP((GEOMEAN(F8,G8)),0) -> 74148 | M8: =L8 -> 74148 | N8: =M8*5.62/100+M8 -> 78315.118 | O8: =N8*13.12/100+N8 -> 88590.061 | P8: =O8*9.28/100+O8 -> 96811.219 | Q8: =P8*4.1/100+P8 -> 100780.48 | R8: =+'Estudio Mercado'!L7 -> 4170
B9: 6 | C9: =+'Estudio Mercado'!C8 -> Evento 1: Día de la Niñez. Suministro de obsequio y/o juguetes didácticos a cada uno de los niños asistentes, según edad y género, debidamente empacado y marcado con su respectivo nombre. | D9: 1 | E9: UN | F9: 66000 | G9: 83300 | H9: 72900 | I9: =STDEVA(F9:H9) -> 8708.8078 | J9: =AVERAGE(F9:H9) -> 74066.667 | K9: =+I9/J9 -> 0.11758066 | L9: =ROUNDUP((GEOMEAN(F9,G9)),0) -> 74148 | M9: =L9 -> 74148 | N9: =M9*5.62/100+M9 -> 78315.118 | O9: =N9*13.12/100+N9 -> 88590.061 | P9: =O9*9.28/100+O9 -> 96811.219 | Q9: =P9*4.1/100+P9 -> 100780.48 | R9: =+'Estudio Mercado'!L8 -> 26250
B10: 7 | C10: =+'Estudio Mercado'!C9 -> Evento 2: Día de la Madre en Familia. Alquiler de centro recreativo que incluya, salón de eventos, sillas y mesas, decoración, sonido (Dos monitores de 600rms de potencia, uno externo y uno para monitoreo, con amplificación interna, dos bajos dobles de 18 pulgadas con sistema activo con amplificación interna, 3 piñas con micrófono) piscina para niños, piscina para adultos (deben contar con 2 salvavidas), estas piscinas deben cumplir con las características, normas de seguridad y demás exigencias establecidas por la ley, instalación física para practicar algún deporte. | D10: 1 | E10: UN | F10: 66000 | G10: 83300 | H10: 72900 | I10: =STDEVA(F10:H10) -> 8708.8078 | J10: =AVERAGE(F10:H10) -> 74066.667 | K10: =+I10/J10 -> 0.11758066 | L10: =ROUNDUP((GEOMEAN(F10,G10)),0) -> 74148 | M10: =L10 -> 74148 | N10: =M10*5.62/100+M10 -> 78315.118 | O10: =N10*13.12/100+N10 -> 88590.061 | P10: =O10*9.28/100+O10 -> 96811.219 | Q10: =P10*4.1/100+P10 -> 100780.48 | R10: =+'Estudio Mercado'!L9 -> 18200
B11: 8 | C11: =+'Estudio Mercado'!C10 -> Evento 2: Día de la Madre en Familia. Actividades de la familia que incluya encostalados, Pruebas de equilibrio, Pruebas de destreza, futbol, voleibol, Carreras y dos atracciones o dispositivos de entretenimiento, el establecimiento debe contar con plan de emergencias que incluya servicios de primeros auxilios, que permita contar con la atención de urgencias y emergencias, ante cualquier eventualidad de salud y seguridad de los asistentes a las actividades. El lugar para el desarrollo de esta actividad deberá ser previamente visitado y aprobado por el supervisor. | D11: 1 | E11: UN | F11: 66000 | G11: 83300 | H11: 72900 | I11: =STDEVA(F11:H11) -> 8708.8078 | J11: =AVERAGE(F11:H11) -> 74066.667 | K11: =+I11/J11 -> 0.11758066 | L11: =ROUNDUP((GEOMEAN(F11,G11)),0) -> 74148 | M11: =L11 -> 74148 | N11: =M11*5.62/100+M11 -> 78315.118 | O11: =N11*13.12/100+N11 -> 88590.061 | P11: =O11*9.28/100+O11 -> 96811.219 | Q11: =P11*4.1/100+P11 -> 100780.48 | R11: =+'Estudio Mercado'!L10 -> 24000
B12: 9 | C12: =+'Estudio Mercado'!C11 -> Evento 2: Día de la Madre en Familia. Suministro de servicio de alimentación que incluya lo siguiente: - Refrigerios en horas de la mañana: jugo natural, creps de pollo y papas a la francesa. | D12: 1 | E12: UN | F12: 66000 | G12: 83300 | H12: 72900 | I12: =STDEVA(F12:H12) -> 8708.8078 | J12: =AVERAGE(F12:H12) -> 74066.667 | K12: =+I12/J12 -> 0.11758066 | L12: =ROUNDUP((GEOMEAN(F12,G12)),0) -> 74148 | M12: =L12 -> 74148 | N12: =M12*5.62/100+M12 -> 78315.118 | O12: =N12*13.12/100+N12 -> 88590.061 | P12: =O12*9.28/100+O12 -> 96811.219 | Q12: =P12*4.1/100+P12 -> 100780.48 | R12: =+'Estudio Mercado'!L11 -> 23850
B13: 10 | C13: =+'Estudio Mercado'!C12 -> Evento 2: Día de la Madre en Familia. Suministro de Refrigerios en horas de la tarde: Hamburguesa de patacón con carne de res molida 200 gr en crudo, queso, vegetales frescos, papa a la francesa y bebida carbonatada por persona. | D13: 1 | E13: UN | F13: 66000 | G13: 83300 | H13: 72900 | I13: =STDEVA(F13:H13) -> 8708.8078 | J13: =AVERAGE(F13:H13) -> 74066.667 | K13: =+I13/J13 -> 0.11758066 | L13: =ROUNDUP((GEOMEAN(F13,G13)),0) -> 74148 | M13: =L13 -> 74148 | N13: =M13*5.62/100+M13 -> 78315.118 | O13: =N13*13.12/100+N13 -> 88590.061 | P13: =O13*9.28/100+O13 -> 96811.219 | Q13: =P13*4.1/100+P13 -> 100780.48 | R13: =+'Estudio Mercado'!L12 -> 22393
B14: 11 | C14: =+'Estudio Mercado'!C13 -> Evento 2: Día de la Madre en Familia. Suministro de Almuerzos tipo parrilla para adultos: Este debe incluir proteína (150 gr de carne, 150 gr de pollo, 150 gr de cerdo, 80 gr de chorizo, peso en crudo), guacamole, papa criolla frita, maduro asado con queso, jugo y postre, por persona. | D14: 1 | E14: UN | F14: 66000 | G14: 83300 | H14: 72900 | I14: =STDEVA(F14:H14) -> 8708.8078 | J14: =AVERAGE(F14:H14) -> 74066.667 | K14: =+I14/J14 -> 0.11758066 | L14: =ROUNDUP((GEOMEAN(F14,G14)),0) -> 74148 | M14: =L14 -> 74148 | N14: =M14*5.62/100+M14 -> 78315.118 | O14: =N14*13.12/100+N14 -> 88590.061 | P14: =O14*9.28/100+O14 -> 96811.219 | Q14: =P14*4.1/100+P14 -> 100780.48 | R14: =+'Estudio Mercado'!L13 -> 37174
B15: 12 | C15: =+'Estudio Mercado'!C14 -> Evento 2: Día de la Madre en Familia. Suministro de Almuerzos tipo parrilla para niños: este debe incluir proteína (100 gr de carne, 100 gr de pollo, 100 gr de cerdo, 80 gr de chorizo, peso en crudo), guacamole, papa criolla frita, maduro asado con queso, jugo y postre, por persona. | D15: 1 | E15: UN | F15: 66000 | G15: 83300 | H15: 72900 | I15: =STDEVA(F15:H15) -> 8708.8078 | J15: =AVERAGE(F15:H15) -> 74066.667 | K15: =+I15/J15 -> 0.11758066 | L15: =ROUNDUP((GEOMEAN(F15,G15)),0) -> 74148 | M15: =L15 -> 74148 | N15: =M15*5.62/100+M15 -> 78315.118 | O15: =N15*13.12/100+N15 -> 88590.061 | P15: =O15*9.28/100+O15 -> 96811.219 | Q15: =P15*4.1/100+P15 -> 100780.48 | R15: =+'Estudio Mercado'!L14 -> 32942
... B23: 20 | C23: =+'Estudio Mercado'!C22 -> Evento 3: Día de Amor y Amistad. Entregar y servir debidamente empacado plato de comida (2 proteínas, 1 opción de carbohidrato (arroz o papa), ensalada), con bebida (agua o jugo) | D23: 1 | E23: UN | F23: 66000 | G23: 83300 | H23: 72900 | I23: =STDEVA(F23:H23) -> 8708.8078 | J23: =AVERAGE(F23:H23) -> 74066.667 | K23: =+I23/J23 -> 0.11758066 | L23: =ROUNDUP((GEOMEAN(F23,G23)),0) -> 74148 | M23: =L23 -> 74148 | N23: =M23*5.62/100+M23 -> 78315.118 | O23: =N23*13.12/100+N23 -> 88590.061 | P23: =O23*9.28/100+O23 -> 96811.219 | Q23: =P23*4.1/100+P23 -> 100780.48 | R23: =+'Estudio Mercado'!L22 -> 35000
B24: 21 | D24: 1 | E24: UN | F24: 66000 | G24: 83300 | H24: 72900 | I24: =STDEVA(F24:H24) -> 8708.8078 | J24: =AVERAGE(F24:H24) -> 74066.667 | K24: =+I24/J24 -> 0.11758066 | L24: =ROUNDUP((GEOMEAN(F24,G24)),0) -> 74148 | M24: =L24 -> 74148 | N24: =M24*5.62/100+M24 -> 78315.118 | O24: =N24*13.12/100+N24 -> 88590.061 | P24: =O24*9.28/100+O24 -> 96811.219 | Q24: =P24*4.1/100+P24 -> 100780.48
B25: 22 | D25: 1 | E25: UN | F25: 66000 | G25: 83300 | H25: 72900 | I25: =STDEVA(F25:H25) -> 8708.8078 | J25: =AVERAGE(F25:H25) -> 74066.667 | K25: =+I25/J25 -> 0.11758066 | L25: =ROUNDUP((GEOMEAN(F25,G25)),0) -> 74148 | M25: =L25 -> 74148 | N25: =M25*5.62/100+M25 -> 78315.118 | O25: =N25*13.12/100+N25 -> 88590.061 | P25: =O25*9.28/100+O25 -> 96811.219 | Q25: =P25*4.1/100+P25 -> 100780.48
B26: 23 | D26: 1 | E26: UN | F26: 66000 | G26: 83300 | H26: 72900 | I26: =STDEVA(F26:H26) -> 8708.8078 | J26: =AVERAGE(F26:H26) -> 74066.667 | K26: =+I26/J26 -> 0.11758066 | L26: =ROUNDUP((GEOMEAN(F26,G26)),0) -> 74148 | M26: =L26 -> 74148 | N26: =M26*5.62/100+M26 -> 78315.118 | O26: =N26*13.12/100+N26 -> 88590.061 | P26: =O26*9.28/100+O26 -> 96811.219 | Q26: =P26*4.1/100+P26 -> 100780.48
B27: 24 | D27: 1 | E27: UN | F27: 66000 | G27: 83300 | H27: 72900 | I27: =STDEVA(F27:H27) -> 8708.8078 | J27: =AVERAGE(F27:H27) -> 74066.667 | K27: =+I27/J27 -> 0.11758066 | L27: =ROUNDUP((GEOMEAN(F27,G27)),0) -> 74148 | M27: =L27 -> 74148 | N27: =M27*5.62/100+M27 -> 78315.118 | O27: =N27*13.12/100+N27 -> 88590.061 | P27: =O27*9.28/100+O27 -> 96811.219 | Q27: =P27*4.1/100+P27 -> 100780.48
B28: 25 | D28: 1 | E28: UN | F28: 66000 | G28: 83300 | H28: 72900 | I28: =STDEVA(F28:H28) -> 8708.8078 | J28: =AVERAGE(F28:H28) -> 74066.667 | K28: =+I28/J28 -> 0.11758066 | L28: =ROUNDUP((GEOMEAN(F28,G28)),0) -> 74148 | M28: =L28 -> 74148 | N28: =M28*5.62/100+M28 -> 78315.118 | O28: =N28*13.12/100+N28 -> 88590.061 | P28: =O28*9.28/100+O28 -> 96811.219 | Q28: =P28*4.1/100+P28 -> 100780.48
B29: 26 | D29: 1 | E29: UN | F29: 66000 | G29: 83300 | H29: 72900 | I29: =STDEVA(F29:H29) -> 8708.8078 | J29: =AVERAGE(F29:H29) -> 74066.667 | K29: =+I29/J29 -> 0.11758066 | L29: =ROUNDUP((GEOMEAN(F29,G29)),0) -> 74148 | M29: =L29 -> 74148 | N29: =M29*5.62/100+M29 -> 78315.118 | O29: =N29*13.12/100+N29 -> 88590.061 | P29: =O29*9.28/100+O29 -> 96811.219 | Q29: =P29*4.1/100+P29 -> 100780.48
B30: 27 | D30: 1 | E30: UN | F30: 66000 | G30: 83300 | H30: 72900 | I30: =STDEVA(F30:H30) -> 8708.8078 | J30: =AVERAGE(F30:H30) -> 74066.667 | K30: =+I30/J30 -> 0.11758066 | L30: =ROUNDUP((GEOMEAN(F30,G30)),0) -> 74148 | M30: =L30 -> 74148 | N30: =M30*5.62/100+M30 -> 78315.118 | O30: =N30*13.12/100+N30 -> 88590.061 | P30: =O30*9.28/100+O30 -> 96811.219 | Q30: =P30*4.1/100+P30 -> 100780.48
B31: 28 | D31: 1 | E31: UN | F31: 66000 | G31: 83300 | H31: 72900 | I31: =STDEVA(F31:H31) -> 8708.8078 | J31: =AVERAGE(F31:H31) -> 74066.667 | K31: =+I31/J31 -> 0.11758066 | L31: =ROUNDUP((GEOMEAN(F31,G31)),0) -> 74148 | M31: =L31 -> 74148 | N31: =M31*5.62/100+M31 -> 78315.118 | O31: =N31*13.12/100+N31 -> 88590.061 | P31: =O31*9.28/100+O31 -> 96811.219 | Q31: =P31*4.1/100+P31 -> 100780.48
B32: 29 | D32: 1 | E32: UN | F32: 66000 | G32: 83300 | H32: 72900 | I32: =STDEVA(F32:H32) -> 8708.8078 | J32: =AVERAGE(F32:H32) -> 74066.667 | K32: =+I32/J32 -> 0.11758066 | L32: =ROUNDUP((GEOMEAN(F32,G32)),0) -> 74148 | M32: =L32 -> 74148 | N32: =M32*5.62/100+M32 -> 78315.118 | O32: =N32*13.12/100+N32 -> 88590.061 | P32: =O32*9.28/100+O32 -> 96811.219 | Q32: =P32*4.1/100+P32 -> 100780.48
B33: 30 | D33: 1 | E33: UN | F33: 66000 | G33: 83300 | H33: 72900 | I33: =STDEVA(F33:H33) -> 8708.8078 | J33: =AVERAGE(F33:H33) -> 74066.667 | K33: =+I33/J33 -> 0.11758066 | L33: =ROUNDUP((GEOMEAN(F33,G33)),0) -> 74148 | M33: =L33 -> 74148 | N33: =M33*5.62/100+M33 -> 78315.118 | O33: =N33*13.12/100+N33 -> 88590.061 | P33: =O33*9.28/100+O33 -> 96811.219 | Q33: =P33*4.1/100+P33 -> 100780.48
B34: 31 | D34: 1 | E34: UN | F34: 66000 | G34: 83300 | H34: 72900 | I34: =STDEVA(F34:H34) -> 8708.8078 | J34: =AVERAGE(F34:H34) -> 74066.667 | K34: =+I34/J34 -> 0.11758066 | L34: =ROUNDUP((GEOMEAN(F34,G34)),0) -> 74148 | M34: =L34 -> 74148 | N34: =M34*5.62/100+M34 -> 78315.118 | O34: =N34*13.12/100+N34 -> 88590.061 | P34: =O34*9.28/100+O34 -> 96811.219 | Q34: =P34*4.1/100+P34 -> 100780.48
B35: 32 | D35: 1 | E35: UN | F35: 66000 | G35: 83300 | H35: 72900 | I35: =STDEVA(F35:H35) -> 8708.8078 | J35: =AVERAGE(F35:H35) -> 74066.667 | K35: =+I35/J35 -> 0.11758066 | L35: =ROUNDUP((GEOMEAN(F35,G35)),0) -> 74148 | M35: =L35 -> 74148 | N35: =M35*5.62/100+M35 -> 78315.118 | O35: =N35*13.12/100+N35 -> 88590.061 | P35: =O35*9.28/100+O35 -> 96811.219 | Q35: =P35*4.1/100+P35 -> 100780.48
... B49: 46 | D49: 1 | E49: UN | F49: 66000 | G49: 83300 | H49: 72900 | I49: =STDEVA(F49:H49) -> 8708.8078 | J49: =AVERAGE(F49:H49) -> 74066.667 | K49: =+I49/J49 -> 0.11758066 | L49: =ROUNDUP((GEOMEAN(F49,G49)),0) -> 74148 | M49: =L49 -> 74148 | N49: =M49*5.62/100+M49 -> 78315.118 | O49: =N49*13.12/100+N49 -> 88590.061 | P49: =O49*9.28/100+O49 -> 96811.219 | Q49: =P49*4.1/100+P49 -> 100780.48

Sheet Estudio Mercado
C1: PRECIO DE REFERENCIA SAMC-35-001-2025 Objeto: Servicio de apoyo logístico, infraestructura, organización y desarrollo de actividades establecidas en el programa de bienestar 2025 de la UAE-DIAN para la Dirección Seccional de Impuestos y Aduanas de Buenaventura.
B2: ITEM | C2: DESCRIPCIÓN | D2: CANTIDAD | E2: UNIDAD DE MEDIDA | F2: COTIZACIÓN 1 | G2: COTIZACIÓN 2 | H2: DESVIACIÓN ESTANDAR | I2: PROMEDIO | J2: COEFICIENTE DE VARIACIÓN (%) | K2: MEDIA ARITMÉTICA | L2: MEDIA ARMÓNICA PRECIOS UNITARIOS DE REFERENCIA | M2: MEDIA GEOMÉTRICA
B3: 1 | C3: Evento 1: Día de la Niñez. Alquiler de centro recreativo que incluya, salón de eventos, sillas y mesas para niños y acompañantes, y piscina para niños (Que cuente con salvavidas), esta piscina debe cumplir con las características, normas de seguridad y demás exigencias establecidas por la ley, el establecimiento debe contar con plan de emergencias que incluya servicios de primeros auxilios, que permita contar con la atención de urgencias y emergencias, ante cualquier eventualidad de salud y seguridad de los asistentes a las actividades. El lugar para el desarrollo de esta actividad deberá ser previamente visitado y aprobado por el supervisor. | D3: 1 | E3: UN | F3: 40000 | G3: =13000000/250 -> 52000 | H3: =STDEVA(F3:G3) -> 8485.2814 | I3: =AVERAGE(F3:G3) -> 46000 | J3: =+H3/I3 -> 0.18446264 | K3: =ROUNDUP((AVERAGE(F3:G3)),0) -> 46000 | L3: =ROUNDUP((HARMEAN(F3:G3)),0) -> 45218 | M3: =ROUNDUP((GEOMEAN(F3:G3)),0) -> 45608
B4: 2 | C4: Evento 1: Día de la Niñez. Tarde recreativa que incluya decoración del lugar, decoración para punto fotos, con personajes infantiles, sonido (Dos monitores de 600rms de potencia, uno externo y uno para monitoreo, con amplificación interna, dos bajos dobles de 18 pulgadas con sistema activo con amplificación interna, 3 piañas con micrófono), servicio de 10 recreacionistas para que realicen actividades de recreación dirigida, globoflexia, 3 personajes animados temáticos, show de payasos, inflable, saltarín, gimnasio para niños, con ejercicios de estimulación y desarrollo de la motricidad gruesa, figuras en origami, pintura, manualidades, entre otras. | D4: 1 | E4: UN | F4: 30000 | G4: =20000000/250 -> 80000 | H4: =STDEVA(F4:G4) -> 35355.339 | I4: =AVERAGE(F4:G4) -> 55000 | J4: =+H4/I4 -> 0.64282435 | K4: =ROUNDUP((AVERAGE(F4:G4)),0) -> 55000 | L4: =ROUNDUP((HARMEAN(F4:G4)),0) -> 43637 | M4: =ROUNDUP((GEOMEAN(F4:G4)),0) -> 48990
B5: 3 | C5: Evento 1: Día de la Niñez. Suministro complemento nutricional compuesto por: 1 ensalada de frutas de 12 onzas que incluya fruta picada, queso rallado, crema de leche y 50 gr de helado, 1 Hot Dog, 1 Jugo en empaque Tetrapak. Todo debidamente empacado utilizando normas de salubridad. | D5: 1 | E5: UN | F5: 24000 | G5: =4000000/150 -> 26666.667 | H5: =STDEVA(F5:G5) -> 1885.6181 | I5: =AVERAGE(F5:G5) -> 25333.333 | J5: =+H5/I5 -> 0.074432293 | K5: =ROUNDUP((AVERAGE(F5:G5)),0) -> 25334 | L5: =ROUNDUP((HARMEAN(F5:G5)),0) -> 25264 | M5: =ROUNDUP((GEOMEAN(F5:G5)),0) -> 25299
B6: 4 | C6: Evento 1: Día de la Niñez. Suministro de hidratación a través de un punto de hidratación con bebida saborizada durante todo el evento. | D6: 1 | E6: UN | F6: 6667 | G6: =900000/250 -> 3600 | H6: =STDEVA(F6:G6) -> 2168.6965 | I6: =AVERAGE(F6:G6) -> 5133.5 | J6: =+H6/I6 -> 0.42245963 | K6: =ROUNDUP((AVERAGE(F6:G6)),0) -> 5134 | L6: =ROUNDUP((HARMEAN(F6:G6)),0) -> 4676 | M6: =ROUNDUP((GEOMEAN(F6:G6)),0) -> 4900
B7: 5 | C7: Evento 1: Día de la Niñez. Suministro de estación de algodonera y crispetera con su respetivo operario durante todo el evento. | D7: 1 | E7: UN | F7: 6667 | G7: =455000/150 -> 3033.3333 | H7: =STDEVA(F7:G7) -> 2569.3903 | I7: =AVERAGE(F7:G7) -> 4850.1667 | J7: =+H7/I7 -> 0.529753 | K7: =ROUNDUP((AVERAGE(F7:G7)),0) -> 4851 | L7: =ROUNDUP((HARMEAN(F7:G7)),0) -> 4170 | M7: =ROUNDUP((GEOMEAN(F7:G7)),0) -> 4498
B8: 6 | C8: Evento 1: Día de la Niñez. Suministro de obsequio y/o juguetes didácticos a cada uno de los niños asistentes, según edad y género, debidamente empacado y marcado con su respectivo nombre. | D8: 1 | E8: UN | F8: 30000 | G8: =3500000/150 -> 23333.333 | H8: =STDEVA(F8:G8) -> 4714.0452 | I8: =AVERAGE(F8:G8) -> 26666.667 | J8: =+H8/I8 -> 0.1767767 | K8: =ROUNDUP((AVERAGE(F8:G8)),0) -> 26667 | L8: =ROUNDUP((HARMEAN(F8:G8)),0) -> 26250 | M8: =ROUNDUP((GEOMEAN(F8:G8)),0) -> 26458
B9: 7 | C9: Evento 2: Día de la Madre en Familia. Alquiler de centro recreativo que incluya, salón de eventos, sillas y mesas, decoración, sonido (Dos monitores de 600rms de potencia, uno externo y uno para monitoreo, con amplificación interna, dos bajos dobles de 18 pulgadas con sistema activo con amplificación interna, 3 piñas con micrófono) piscina para niños, piscina para adultos (deben contar con 2 salvavidas), estas piscinas deben cumplir con las características, normas de seguridad y demás exigencias establecidas por la ley, instalación física para practicar algún deporte. | D9: 1 | E9: UN | F9: 14000 | G9: =13000000/500 -> 26000 | H9: =STDEVA(F9:G9) -> 8485.2814 | I9: =AVERAGE(F9:G9) -> 20000 | J9: =+H9/I9 -> 0.42426407 | K9: =ROUNDUP((AVERAGE(F9:G9)),0) -> 20000 | L9: =ROUNDUP((HARMEAN(F9:G9)),0) -> 18200 | M9: =ROUNDUP((GEOMEAN(F9:G9)),0) -> 19079
B10: 8 | C10: Evento 2: Día de la Madre en Familia. Actividades de la familia que incluya encostalados, Pruebas de equilibrio, Pruebas de destreza, futbol, voleibol, Carreras y dos atracciones o dispositivos de entretenimiento, el establecimiento debe contar con plan de emergencias que incluya servicios de primeros auxilios, que permita contar con la atención de urgencias y emergencias, ante cualquier eventualidad de salud y seguridad de los asistentes a las actividades. El lugar para el desarrollo de esta actividad deberá ser previamente visitado y aprobado por el supervisor. | D10: 1 | E10: UN | F10: 30000 | G10: =10000000/500 -> 20000 | H10: =STDEVA(F10:G10) -> 7071.0678 | I10: =AVERAGE(F10:G10) -> 25000 | J10: =+H10/I10 -> 0.28284271 | K10: =ROUNDUP((AVERAGE(F10:G10)),0) -> 25000 | L10: =ROUNDUP((HARMEAN(F10:G10)),0) -> 24000 | M10: =ROUNDUP((GEOMEAN(F10:G10)),0) -> 24495
B11: 9 | C11: Evento 2: Día de la Madre en Familia. Suministro de servicio de alimentación que incluya lo siguiente: - Refrigerios en horas de la mañana: jugo natural, creps de pollo y papas a la francesa. | D11: 1 | E11: UN | F11: =45600/2 -> 22800 | G11: =12500000/500 -> 25000 | H11: =STDEVA(F11:G11) -> 1555.6349 | I11: =AVERAGE(F11:G11) -> 23900 | J11: =+H11/I11 -> 0.065089327 | K11: =ROUNDUP((AVERAGE(F11:G11)),0) -> 23900 | L11: =ROUNDUP((HARMEAN(F11:G11)),0) -> 23850 | M11: =ROUNDUP((GEOMEAN(F11:G11)),0) -> 23875
B12: 10 | C12: Evento 2: Día de la Madre en Familia. Suministro de Refrigerios en horas de la tarde: Hamburguesa de patacón con carne de res molida 200 gr en crudo, queso, vegetales frescos, papa a la francesa y bebida carbonatada por persona. | D12: 1 | E12: UN | F12: 22800 | G12: =11000000/500 -> 22000 | H12: =STDEVA(F12:G12) -> 565.68542 | I12: =AVERAGE(F12:G12) -> 22400 | J12: =+H12/I12 -> 0.025253814 | K12: =ROUNDUP((AVERAGE(F12:G12)),0) -> 22400 | L12: =ROUNDUP((HARMEAN(F12:G12)),0) -> 22393 | M12: =ROUNDUP((GEOMEAN(F12:G12)),0) -> 22397
B13: 11 | C13: Evento 2: Día de la Madre en Familia. Suministro de Almuerzos tipo parrilla para adultos: Este debe incluir proteína (150 gr de carne, 150 gr de pollo, 150 gr de cerdo, 80 gr de chorizo, peso en crudo), guacamole, papa criolla frita, maduro asado con queso, jugo y postre, por persona. | D13: 1 | E13: UN | F13: 45000 | G13: =9500000/300 -> 31666.667 | H13: =STDEVA(F13:G13) -> 9428.0904 | I13: =AVERAGE(F13:G13) -> 38333.333 | J13: =+H13/I13 -> 0.24595018 | K13: =ROUNDUP((AVERAGE(F13:G13)),0) -> 38334 | L13: =ROUNDUP((HARMEAN(F13:G13)),0) -> 37174 | M13: =ROUNDUP((GEOMEAN(F13:G13)),0) -> 37750
B14: 12 | C14: Evento 2: Día de la Madre en Familia. Suministro de Almuerzos tipo parrilla para niños: este debe incluir proteína (100 gr de carne, 100 gr de pollo, 100 gr de cerdo, 80 gr de chorizo, peso en crudo), guacamole, papa criolla frita, maduro asado con queso, jugo y postre, por persona. | D14: 1 | E14: UN | F14: 40000 | G14: =5600000/200 -> 28000 | H14: =STDEVA(F14:G14) -> 8485.2814 | I14: =AVERAGE(F14:G14) -> 34000 | J14: =+H14/I14 -> 0.2495671 | K14: =ROUNDUP((AVERAGE(F14:G14)),0) -> 34000 | L14: =ROUNDUP((HARMEAN(F14:G14)),0) -> 32942 | M14: =ROUNDUP((GEOMEAN(F14:G14)),0) -> 33467
B15: 13 | C15: Evento 2: Día de la Madre en Familia. Suministro de hidratación a través de un punto de hidratación con bebida saborizada durante todo el evento. | D15: 1 | E15: UN | F15: 4800 | G15: =900000/500 -> 1800 | H15: =STDEVA(F15:G15) -> 2121.3203 | I15: =AVERAGE(F15:G15) -> 3300 | J15: =+H15/I15 -> 0.64282435 | K15: =ROUNDUP((AVERAGE(F15:G15)),0) -> 3300 | L15: =ROUNDUP((HARMEAN(F15:G15)),0) -> 2619 | M15: =ROUNDUP((GEOMEAN(F15:G15)),0) -> 2940
B16: 14 | C16: Evento 2: Día de la Madre en Familia. Suministro de una estación de café, café con leche, aromática y té durante el desarrollo del evento. | D16: 1 | E16: UN | F16: 4800 | G16: =1200000/500 -> 2400 | H16: =STDEVA(F16:G16) -> 1697.0563 | I16: =AVERAGE(F16:G16) -> 3600 | J16: =+H16/I16 -> 0.47140452 | K16: =ROUNDUP((AVERAGE(F16:G16)),0) -> 3600 | L16: =ROUNDUP((HARMEAN(F16:G16)),0) -> 3200 | M16: =ROUNDUP((GEOMEAN(F16:G16)),0) -> 3395
B17: 15 | C17: Evento 2: Día de la Madre en Familia. Suministro de estación de algodonera y crispetera con su respetivo operario durante todo el evento. | D17: 1 | E17: UN | F17: 4800 | G17: =2500000/500 -> 5000 | H17: =STDEVA(F17:G17) -> 141.42136 | I17: =AVERAGE(F17:G17) -> 4900 | J17: =+H17/I17 -> 0.028861501 | K17: =ROUNDUP((AVERAGE(F17:G17)),0) -> 4900 | L17: =ROUNDUP((HARMEAN(F17:G17)),0) -> 4898 | M17: =ROUNDUP((GEOMEAN(F17:G17)),0) -> 4899
B18: 16 | C18: Evento 2: Día de la Madre en Familia. En el transcurso de la jornada se deben desarrollar las siguientes actividades: -Actividades recreativas dirigidas a los funcionarios y sus familias. -Bingo bailable que incluya la entrega de 5 premios. -Se debe garantizar el personal requerido, animador del evento, 10 recreacionistas y elementos necesarios para el desarrollo de la actividad. | D18: 1 | E18: UN | F18: 12000 | G18: =19000000/500 -> 38000 | H18: =STDEVA(F18:G18) -> 18384.776 | I18: =AVERAGE(F18:G18) -> 25000 | J18: =+H18/I18 -> 0.73539105 | K18: =ROUNDUP((AVERAGE(F18:G18)),0) -> 25000 | L18: =ROUNDUP((HARMEAN(F18:G18)),0) -> 18240 | M18: =ROUNDUP((GEOMEAN(F18:G18)),0) -> 21355
B19: 17 | C19: Evento 2: Día de la Madre en Familia. Espectáculo musical por 1 hora. | D19: 1 | E19: UN | F19: 4800 | G19: =6000000/500 -> 12000 | H19: =STDEVA(F19:G19) -> 5091.1688 | I19: =AVERAGE(F19:G19) -> 8400 | J19: =+H19/I19 -> 0.60609153 | K19: =ROUNDUP((AVERAGE(F19:G19)),0) -> 8400 | L19: =ROUNDUP((HARMEAN(F19:G19)),0) -> 6858 | M19: =ROUNDUP((GEOMEAN(F19:G19)),0) -> 7590
B20: 18 | C20: Evento 2: Día de la Madre en Familia. Actividad de pintura de alcancías en cerámica. Incluye instructor, elementos y materiales necesarios para el desarrollo de la actividad. | D20: 1 | E20: UN | F20: 18000 | G20: =3500000/200 -> 17500 | H20: =STDEVA(F20:G20) -> 353.55339 | I20: =AVERAGE(F20:G20) -> 17750 | J20: =+H20/I20 -> 0.019918501 | K20: =ROUNDUP((AVERAGE(F20:G20)),0) -> 17750 | L20: =ROUNDUP((HARMEAN(F20:G20)),0) -> 17747 | M20: =ROUNDUP((GEOMEAN(F20:G20)),0) -> 17749
B21: 19 | C21: Evento 3: Día de Amor y Amistad. Garantizar decoración de espacio designado que incluya stand de fotos con la temática compañerismo y tolerancia, silletería, animador, tarima y sonido (Dos monitores de 600rms de potencia, uno externo y uno para monitoreo, con amplificación interna, dos bajos dobles de 18 pulgadas con sistema activo con amplificación interna, 4 piñas con micrófono). | D21: 1 | E21: UN | F21: =8000000/200 -> 40000 | G21: =22000000/200 -> 110000 | H21: =STDEVA(F21:G21) -> 49497.475 | I21: =AVERAGE(F21:G21) -> 75000 | J21: =+H21/I21 -> 0.65996633 | K21: =ROUNDUP((AVERAGE(F21:G21)),0) -> 75000 | L21: =ROUNDUP((HARMEAN(F21:G21)),0) -> 58667 | M21: =ROUNDUP((GEOMEAN(F21:G21)),0) -> 66333
B22: 20 | C22: Evento 3: Día de Amor y Amistad. Entregar y servir debidamente empacado plato de comida (2 proteínas, 1 opción de carbohidrato (arroz o papa), ensalada), con bebida (agua o jugo) | D22: 1 | E22: UN | F22: =7000000/200 -> 35000 | G22: =7000000/200 -> 35000 | H22: =STDEVA(F22:G22) -> 0 | I22: =AVERAGE(F22:G22) -> 35000 | J22: =+H22/I22 -> 0 | K22: =ROUNDUP((AVERAGE(F22:G22)),0) -> 35000 | L22: =ROUNDUP((HARMEAN(F22:G22)),0) -> 35000 | M22: =ROUNDUP((GEOMEAN(F22:G22)),0) -> 35000
B23: Método | C23: * Se calcula el precio de referencia con las cotizaciones, se obtiene la desviación estándar y el valor promedio y con base en la participación se aplica un método estadístico: | J23: Metodo Que Aplicará la Entidad
C24: * Método estadístico 1: si el valor de participación esta en 0 y 10% se aplica el promedio aritmético. | J24: Método estadístico 3 media armónica
C25: * Método estadístico 2: si el valor de participación esta entre 10 y 20% se aplica media geométrica.
C26: * Método estadístico 3: si el valor de participación es superior al 20% se aplica media armónica.
C27: * En este caso dado se aplica el Método estadístico 3, ya que el porcentaje de participación en la mayoría de los ítems supera el 20%.

Sheet BIENESTAR (2)
C1: ESTUDIO DEL MERCADO IMC-
B2: ITEM | C2: DESCRIPCIÓN | D2: CANTIDAD | E2: UNIDAD DE MEDIDA | F2: COTIZACIÓN 1 | G2: COTIZACIÓN 2 | H2: DESVIACIÓN ESTANDAR | I2: PROMEDIO | J2: COEFICIENTE DE VARIACIÓN (%) | K2: MEDIA ARITMÉTICA | L2: MEDIA ARMÓNICA PRECIOS UNITARIOS DE REFERENCIA | M2: MEDIA GEOMÉTRICA
B3: 1 | C3: Jornada 1 vacaciones recreativas, actividad creativa (creación de alguna manualidad) por beneficiario. El valor ofertado debe incluir los costos asociados a: transporte, primeros auxilios, actividad inicial de motivación y actividade de cierre, costo del personal requerido (reccreadores, instructores, etc.), en los horarios y de acuerdo con los lineamientos establecidos en el anexo técnico. | D3: 1 | E3: UN | F3: 49800 | G3: 220000 | H3: =STDEVA(F3:G3) -> 120349.57 | I3: =AVERAGE(F3:G3) -> 134900 | J3: =+H3/I3 -> 0.89213917 | K3: =ROUNDUP((AVERAGE(F3:G3)),0) -> 134900 | L3: =ROUNDUP((HARMEAN(F3:G3)),0) -> 81216 | M3: =ROUNDUP((GEOMEAN(F3:G3)),0) -> 104671
B4: 2 | C4: Refrigerio para jornada 1 vacaciones recreativas: De acuerdo con la actividad y el lugar a desarrollar la misma, los refrigerios deberán tener como mínimo una bebida de 350 ml y un sólido, los cuáles pueden ser: empanada, almojábana, croisant, pastel hojaldrado, papa rellena, aborrajado, marranita, pan de bono, sándwich, etc. | D4: 1 | E4: UN | F4: 10000 | G4: 17000 | H4: =STDEVA(F4:G4) -> 4949.7475 | I4: =AVERAGE(F4:G4) -> 13500 | J4: =+H4/I4 -> 0.36664796 | K4: =ROUNDUP((AVERAGE(F4:G4)),0) -> 13500 | L4: =ROUNDUP((HARMEAN(F4:G4)),0) -> 12593 | M4: =ROUNDUP((GEOMEAN(F4:G4)),0) -> 13039
B5: 3 | C5: Jornada 2 vacaciones recreativas día cultural En la cual e ofrezca alguna actividad cultural como: Obras de teatro, musicales o títeres acordes a cada uno de los rangos de edad identificados. El valor ofertado debe incluir los costos asociados a: transporte, primeros auxilios, actividad inicial de motivación y actividade de cierre, costo del personal requerido (reccreadores, instructores, etc.), en los horarios y de acuerdo con los lineamientos establecidos en el anexo técnico. | D5: 1 | E5: UN | F5: 49800 | G5: 250000 | H5: =STDEVA(F5:G5) -> 141562.78 | I5: =AVERAGE(F5:G5) -> 149900 | J5: =+H5/I5 -> 0.94438144 | K5: =ROUNDUP((AVERAGE(F5:G5)),0) -> 149900 | L5: =ROUNDUP((HARMEAN(F5:G5)),0) -> 83056 | M5: =ROUNDUP((GEOMEAN(F5:G5)),0) -> 111580
B6: 4 | C6: Refrigerio para jornada 2 vacaciones recreativas: De acuerdo con la actividad y el lugar a desarrollar la misma, los refrigerios deberán tener como mínimo una bebida de 350 ml y un sólido, los cuáles pueden ser: empanada, almojábana, croisant, pastel hojaldrado, papa rellena, aborrajado, marranita, pan de bono, sándwich, etc. | D6: 1 | E6: UN | F6: 10000 | G6: 12000 | H6: =STDEVA(F6:G6) -> 1414.2136 | I6: =AVERAGE(F6:G6) -> 11000 | J6: =+H6/I6 -> 0.12856487 | K6: =ROUNDUP((AVERAGE(F6:G6)),0) -> 11000 | L6: =ROUNDUP((HARMEAN(F6:G6)),0) -> 10910 | M6: =ROUNDUP((GEOMEAN(F6:G6)),0) -> 10955
B7: 5 | C7: Jornada 3 vacaciones recreativas: día deportivo Desarrollo de competencias o habilidades motrices en las que se cuente con la participación de adultos y niños. El valor ofertado debe incluir los costos asociados a: transporte, primeros auxilios, actividad inicial de motivación y actividade de cierre, costo del personal requerido (reccreadores, instructores, etc.), en los horarios y de acuerdo con los lineamientos establecidos en el anexo técnico. | D7: 1 | E7: UN | F7: 49800 | G7: 180000 | H7: =STDEVA(F7:G7) -> 92065.303 | I7: =AVERAGE(F7:G7) -> 114900 | J7: =+H7/I7 -> 0.8012646 | K7: =ROUNDUP((AVERAGE(F7:G7)),0) -> 114900 | L7: =ROUNDUP((HARMEAN(F7:G7)),0) -> 78016 | M7: =ROUNDUP((GEOMEAN(F7:G7)),0) -> 94679
B8: 6 | C8: Refrigerio para jornada 3 vacaciones recreativas: De acuerdo con la actividad y el lugar a desarrollar la misma, los refrigerios deberán tener como mínimo una bebida de 350 ml y un sólido, los cuáles pueden ser: empanada, almojábana, croisant, pastel hojaldrado, papa rellena, aborrajado, marranita, pan de bono, sándwich, etc. | D8: 1 | E8: UN | F8: 10000 | G8: 28000 | H8: =STDEVA(F8:G8) -> 12727.922 | I8: =AVERAGE(F8:G8) -> 19000 | J8: =+H8/I8 -> 0.66989063 | K8: =ROUNDUP((AVERAGE(F8:G8)),0) -> 19000 | L8: =ROUNDUP((HARMEAN(F8:G8)),0) -> 14737 | M8: =ROUNDUP((GEOMEAN(F8:G8)),0) -> 16734
B9: 7 | C9: Jornada 4 vacaciones recreativas: En la que se presenta los asistentes alguna película de cartelera acorde a cada uno de los rangos de edad identificados. El valor ofertado debe incluir los costos asociados a: transporte, primeros auxilios, actividad inicial de motivación y actividade de cierre, costo del personal requerido (reccreadores, instructores, etc.), en los horarios y de acuerdo con los lineamientos establecidos en el anexo técnico. | D9: 1 | E9: UN | F9: 40000 | G9: 160000 | H9: =STDEVA(F9:G9) -> 84852.814 | I9: =AVERAGE(F9:G9) -> 100000 | J9: =+H9/I9 -> 0.84852814 | K9: =ROUNDUP((AVERAGE(F9:G9)),0) -> 100000 | L9: =ROUNDUP((HARMEAN(F9:G9)),0) -> 64000 | M9: =ROUNDUP((GEOMEAN(F9:G9)),0) -> 80000
B10: 8 | C10: Refrigerio para jornada 4 vacaciones recreativas: De acuerdo con la actividad y el lugar a desarrollar la misma, los refrigerios deberán tener como mínimo una bebida de 350 ml y un sólido, los cuáles pueden ser: empanada, almojábana, croisant, pastel hojaldrado, papa rellena, aborrajado, marranita, pan de bono, sándwich, etc. | D10: 1 | E10: UN | F10: 45000 | G10: 29000 | H10: =STDEVA(F10:G10) -> 11313.708 | I10: =AVERAGE(F10:G10) -> 37000 | J10: =+H10/I10 -> 0.30577591 | K10: =ROUNDUP((AVERAGE(F10:G10)),0) -> 37000 | L10: =ROUNDUP((HARMEAN(F10:G10)),0) -> 35271 | M10: =ROUNDUP((GEOMEAN(F10:G10)),0) -> 36125
B11: 9 | C11: Transporte para las jornadas de la 1 a la 4 (transporte por día por beneficiario) | D11: 1 | E11: UN | F11: 18000 | G11: 32000 | H11: =STDEVA(F11:G11) -> 9899.4949 | I11: =AVERAGE(F11:G11) -> 25000 | J11: =+H11/I11 -> 0.3959798 | K11: =ROUNDUP((AVERAGE(F11:G11)),0) -> 25000 | L11: =ROUNDUP((HARMEAN(F11:G11)),0) -> 23040 | M11: =ROUNDUP((GEOMEAN(F11:G11)),0) -> 24000
B12: 10 | C12: Jornada 5 vacaciones recreativas: Zoológico de Cali. Jornada recreativa, para todas las edades El valor ofertado debe incluir los costos asociados a: transporte, primeros auxilios, actividad inicial de motivación y actividade de cierre, costo del personal requerido (reccreadores, instructores, etc.), en los horarios y de acuerdo con los lineamientos establecidos en el anexo técnico. Se debe contemplar la cantidad de beneficiarios identificados en el anexo técnico | D12: 1 | E12: UN | F12: 200000 | G12: 180000 | H12: =STDEVA(F12:G12) -> 14142.136 | I12: =AVERAGE(F12:G12) -> 190000 | J12: =+H12/I12 -> 0.074432293 | K12: =ROUNDUP((AVERAGE(F12:G12)),0) -> 190000 | L12: =ROUNDUP((HARMEAN(F12:G12)),0) -> 189474 | M12: =ROUNDUP((GEOMEAN(F12:G12)),0) -> 189737
B13: 11 | C13: Refrigerio a.m. jornada 5 vacaciones recreativas: De acuerdo con la actividad y el lugar a desarrollar la misma, los refrigerios deberán tener como mínimo una bebida de 350 ml y un sólido, los cuáles pueden ser: empanada, almojábana, croisant, pastel hojaldrado, papa rellena, aborrajado, marranita, pan de bono, sándwich, etc. | D13: 1 | E13: UN | F13: 10000 | G13: 28000 | H13: =STDEVA(F13:G13) -> 12727.922 | I13: =AVERAGE(F13:G13) -> 19000 | J13: =+H13/I13 -> 0.66989063 | K13: =ROUNDUP((AVERAGE(F13:G13)),0) -> 19000 | L13: =ROUNDUP((HARMEAN(F13:G13)),0) -> 14737 | M13: =ROUNDUP((GEOMEAN(F13:G13)),0) -> 16734
B14: 12 | C14: Almuerzo jornada 5 vacaciones recreativas. a) Almuerzo Adultos: Se plantea que esté compuesto por plato principal con proteína de mínimo 140 gramos, carbohidratos, verduras, bebida de mínimo 250 ml y postre. b) Almuerzo niños: Algunas ideas serían hamburguesa de pollo o carne de mínimo 125 gramos, acompañada de papas a la francesa y bebida de 350 ml; perro caliente con salchicha tipo americana, acompañado de papas a la francesa y bebida de 350 ml; pollo asado acompañados de arroz, papa a la francesa o salada y bebida de 350 ml. | D14: 1 | E14: UN | F14: 30000 | G14: 35000 | H14: =STDEVA(F14:G14) -> 3535.5339 | I14: =AVERAGE(F14:G14) -> 32500 | J14: =+H14/I14 -> 0.10878566 | K14: =ROUNDUP((AVERAGE(F14:G14)),0) -> 32500 | L14: =ROUNDUP((HARMEAN(F14:G14)),0) -> 32308 | M14: =ROUNDUP((GEOMEAN(F14:G14)),0) -> 32404
... B45: 43 | C45: Transporte por persona desde la DIAN al sitio de cada encuentro | D45: 1 | E45: UN | F45: 7000 | G45: 300000 | H45: =STDEVA(F45:G45) -> 207182.29 | I45: =AVERAGE(F45:G45) -> 153500 | J45: =+H45/I45 -> 1.3497217 | K45: =ROUNDUP((AVERAGE(F45:G45)),0) -> 153500 | L45: =ROUNDUP((HARMEAN(F45:G45)),0) -> 13681 | M45: =ROUNDUP((GEOMEAN(F45:G45)),0) -> 45826
C46: Transporte jueces y árbitros | D46: 1 | E46: UN | F46: 16000 | G46: 0 | H46: 16000 | I46: 16000 | J46: =+H46/I46 -> 1 | K46: =ROUNDUP((AVERAGE(F46:G46)),0) -> 8000 | L46: 8000 | M46: 8000
B47: 44 | C47: Uniformes Con el bordado que identifique el equipo, el logo de la DIAN y la ciudad: Buenaventura. | D47: 1 | E47: UN | F47: 85000 | G47: 250000 | H47: =STDEVA(F47:G47) -> 116672.62 | I47: =AVERAGE(F47:G47) -> 167500 | J47: =+H47/I47 -> 0.69655295 | K47: =ROUNDUP((AVERAGE(F47:G47)),0) -> 167500 | L47: =ROUNDUP((HARMEAN(F47:G47)),0) -> 126866 | M47: =ROUNDUP((GEOMEAN(F47:G47)),0) -> 145774
B48: Método | C48: * Se calcula el precio de referencia con las cotizaciones, se obtiene la desviación estándar y el valor promedio y con base en la participación se aplica un método estadístico: | J48: Metodo Que Aplicará la Entidad
C49: * Método estadístico 1: si el valor de participación esta en 0 y 10% se aplica el promedio aritmético. | J49: Método estadístico 3 media armónica
C50: * Método estadístico 2: si el valor de participación esta entre 10 y 20% se aplica media geométrica.
C51: * Método estadístico 3: si el valor de participación es superior al 20% se aplica media armónica.
C52: * En este caso dado se aplica el Método estadístico 2, ya que el porcentaje de participación en la mayoría de los ítems supera el 20%.

Sheet VISITAS REAL NOV 2016
B2: LISTADO DE VISITAS DE MANTENIMIENTO A PLANTAS ELÉCTRICAS DIAN 2016
B3: ITEM | C3: DIRECCIONES SECCIONALES | D3: CLASE PLANTA | E3: VISITA | F3: FECHA | G3: VALOR UNITARIO | H3: VALOR TOTAL
B4: 1 | C4: ARAUCA. Carrera 20 Calle 31 Esquina | D4: 50 KVA, MARCA PERKINS | E4: 3 | F4: 42702 | G4: 456692.78 | H4: =G4*E4 -> 1370078.3
B5: 2 | C5: ARAUCA. Punto Fronterizo Puente José Antonio Paéz | D5: 7.5 KVA MARCA HONDA | E5: 3 | F5: 42702 | G5: 441352.42 | H5: =G5*E5 -> 1324057.3
B6: 3 | C6: ARMENIA. Carrera 14 N° 20a-22 Ed. BCH | D6: 150 KVA, MARCA CUMMINS | E6: 3 | F6: 42702 | G6: 429194.23 | H6: =G6*E6 -> 1287582.7
B7: 4 | C7: BARRANCABERMEJA. Calle 49 No. 9-09 Ed Luisa | D7: 1O0 KVA MARCA PERKINS, GENERADOR STAMFORD, | E7: 3 | F7: 42702 | G7: 430923.25 | H7: =G7*E7 -> 1292769.8
B8: 5 | C8: BARRANQUILLA, Av Hamburgo Cra. 30 | D8: 175 KVA, MARCA DETROIT DIESEL. | E8: 3 | F8: 42702 | G8: 369709.1 | H8: =G8*E8 -> 1109127.3
B9: 6 | C9: BARRANQUILLA. Av Hamburgo Cra. 30 | D9: 7.5 KVA MARCA HONDA | E9: 3 | F9: 42702 | G9: 256693.95 | H9: =G9*E9 -> 770081.85
B10: 7 | C10: BOGOTA, NIVEL CENTRAL. EDIFICIO SAN AGUSTIN, Carrera 8 No. 6-65 | D10: 376 KVA MARCA KOOLER, MOTOR DIESEL. | E10: 3 | F10: 42702 | G10: 310078.28 | H10: =G10*E10 -> 930234.83
B11: 8 | C11: BOGOTA-NIVEL CENTRAL. EDIFICIO SENDAS. Carrera 7 No 6C-54 | D11: 680 KVA MARCA PERKINS | E11: 3 | F11: 42702 | G11: 367181.05 | H11: =G11*E11 -> 1101543.1
B12: 9 | C12: BOGOTA. NIVEL CENTRAL.CENTRO NAL DE ADMON DOCUMENTAL -C. 64G No. 90A-12 | D12: 100 KVA MARCA PERKINS, GENERADOR STAMFORD, CONTROL ELECTRONICO Y CABINA INSONORIZADA, | E12: 3 | F12: 42702 | G12: 241686.85 | H12: =G12*E12 -> 725060.55
B13: 10 | C13: BOGOTA, SEDE POLFA AV. 68 No. 22-82 | D13: 141 KVA, MARCA DETROIT DIESEL. MODELO 10437305 Ser. | E13: 3 | F13: 42702 | G13: 261318.38 | H13: =G13*E13 -> 783955.12
B14: 11 | C14: BOGOTA. DIRECCION SECCIONAL DE GRANDES CONTRIBUYENTES, Carrera 7 No. 34-65 | D14: 140 KVA PERKINS | E14: 3 | F14: 42702 | G14: 261318.38 | H14: =G14*E14 -> 783955.12
B15: 12 | C15: BOGOTA. DIRECCION SECCIONAL DE IMPUESTOS, EDIFICIO PLAZA 75 - Calle 75 No. 15-49/51 | D15: MARCA DETROIT DIESEL, MODELO SERIES 71. CAP:250 KVA | E15: 3 | F15: 42702 | G15: 294518.6 | H15: =G15*E15 -> 883555.8
... B53: 50 | C53: YOPAL. CALLE 10 No. 18 - 11 Edificio. La Principal. | D53: KVA: 62.5, marca Lima Electric Co., Inc - Lima, Ohio, Modelo AD128709 SLM, Phase: 3- HZ: 60; Voltage: 220/127. F.L. AMPS: 164 | E53: 3 | F53: 42702 | G53: 437470.45 | H53: =G53*E53 -> 1312411.4
E60: SUBTOTAL | H60: =SUM(H4:H59) -> 73887305
E61: A.I.U. | H61: =H60*0.15 -> 11083096
E62: IVA sobre la U (16%) | H62: =H60*0.05*0.16 -> 591098.44
E63: VALOR TOTAL MANTENIMIENTO PREVENTIVO | H63: =SUM(H60:H62) -> 85561499
F1048514: 41562
